 Dungeon Crawl Stone Soup version 0.31.0-9-g3a7656b989 (webtiles) character file.

Game seed: 8975749840830394819

1362 Sivitri the Covert (level 8, -3/58 HPs)
             Began as a Vampire Enchanter on Jan 24, 2024.
             Slain by an ufetubus (4 damage)
             ... on level 6 of the Dungeon.
             The game lasted 00:08:37 (5302 turns).

Sivitri the Covert (Vampire Enchanter)              Turns: 5302, Time: 00:08:37

Health: -3/58      AC:  3    Str:  7    XL:     8   Next: 37%
Magic:  5/14       EV: 14    Int: 18    God:
Gold:   252        SH:  0    Dex: 16    Spells: 7/15 levels left

rFire   . . .        t - +2 short sword (drain)
rCold   . . .        (no shield)
rNeg    . . .        b - +0 robe
rPois   .            j - +0 helmet
rElec   .            (no cloak)
rCorr   .            (no gloves)
SInv    +            (no boots)
Will    .....        (no amulet)
Stlth   ++           Y - +4 ring of slaying
HPRegen 0.49/turn    (no ring)
MPRegen 0.14/turn

%: no passive effects
@: on fire, healing quickly, glowing
A: alive, fangs 3, see invisible, vampiric 2
a: Exsanguinate


You were on level 6 of the Dungeon.
You visited 2 branches of the dungeon, and saw 7 of its levels.

You collected 252 gold pieces.


Innate Abilities, Weirdness & Mutations

Your natural rate of healing is accelerated.
You have razor-sharp teeth.
You have supernaturally acute eyesight. (SInv)
You are afflicted with vampirism and can become a bat while bloodless.


   Skills:
 - Level 3.0 Fighting
 - Level 5.0 Short Blades
 + Level 5.0 Dodging
 - Level 8.0 Stealth
 - Level 4.0 Spellcasting
 - Level 8.0 Hexes


You had 7 spell levels left.
You knew the following spells:

 Your Spells              Type           Power      Damage    Failure   Level
c - Confusing Touch       Hex            32%        N/A       1%          3
d - Tukima's Dance        Hex            32%        N/A       1%          3
e - Ensorcelled Hibernat  Hex/Ice        36%        N/A       4%          2

Your spell library contained the following spells:

 Spells                   Type           Power      Damage    Failure   Level
 Jinxbite                 Hex            64%        N/A       1%          2
 Dazzling Flash           Conj/Hex       36%        N/A       9%          3
 Sting                    Conj/Alch      12%        1d3       14%         1
 Mercury Vapours          Alch/Air       6%         N/A       22%         2
 Yara's Violent Unravell  Hex/Alch       9%         3d6       61%         5
 Olgreb's Toxic Radiance  Alch           3%         N/A       82%         4
 Enfeeble                 Hex            16%        N/A       99%         7

Inventory:

Hand Weapons
 a - a +1 dagger
 t - a +2 short sword of draining (weapon)
 z - a +0 rapier
 B - a +0 dagger
Armour
 b - a +0 robe (worn)
 j - a +0 helmet (worn)
 v - an orb of energy
Magical Staves
 x - a staff of alchemy {!a}
 y - a staff of conjuration {!a}
Jewellery
 F - a ring of fire
 Y - a +4 ring of slaying (left hand)
Wands
 A - a wand of flame (13)
Scrolls
 d - 3 scrolls of noise {unknown}
 g - a scroll of poison {unknown}
 h - a scroll of immolation {unknown}
 k - 2 scrolls of butterflies {unknown}
 l - a scroll of revelation {unknown}
 m - 2 scrolls of teleportation {unknown}
 n - 5 scrolls of identify {unknown}
 q - 2 scrolls of vulnerability {unknown}
 u - a scroll of acquirement {unknown}
 w - a scroll of blinking {unknown}
 C - 2 scrolls of enchant weapon {unknown}
Potions
 c - a potion of invisibility
 e - a potion of brilliance {unknown}
 f - 3 potions of curing {unknown}
 i - a potion of haste {unknown}
 o - 2 potions of heal wounds {unknown}
 p - 2 potions of cancellation {unknown}
 r - 3 potions of attraction {unknown}
 s - 2 potions of might {unknown}
 D - 2 potions of enlightenment {unknown}

Dungeon Overview and Level Annotations

Branches:
Dungeon (6/15)             Temple (1/1) D:6

Altars:
Ashenzari
Cheibriados
Fedhas
Gozag
Hepliaklqana
Kikubaaqudgha
Nemelex Xobeh
Qazlal
Ru
Sif Muna
Wu Jian

Shops:
D:2 (   D:5 *

Annotations:
D:6 1 runed translucent door, mohammadb5305's ghost, novice MiFi

##....#.# #.....#...
.# #. ##....#.#.# .#..
##..##.### .!.# ## #
##.##...# ...##.#[.
#..##...## #.......
#.[.#....# #....##.#
##.......#####........
#...##.....@..†..#
#....##..#..5...##
#......#.##..##......
#.....#####...#.......
.......# ...####..#...
.......# ###.# ..# ..
........# ..# ..# #
#### #..


You could see an ufetubus.


Message History

The bombardier beetle looks drowsy...
The liquid fire burns you!
* * * LOW HITPOINT WARNING * * *
You feel sick. The ufetubus completely misses you. The ufetubus hits you.
* * * LOW HITPOINT WARNING * * *
The ufetubus hits you.
* * * LOW HITPOINT WARNING * * *
The ufetubus barely misses you.
The helpless bombardier beetle fails to defend itself.
You impale the bombardier beetle!!
You kill the bombardier beetle!
The liquid fire burns you!
* * * LOW HITPOINT WARNING * * *
You feel sick. The ufetubus closely misses you.
The ufetubus hits you but does no damage.
Your Dodging skill increases to level 5!
You shake off some of the fire as you move.
The liquid fire burns you!
* * * LOW HITPOINT WARNING * * *
You feel sick.
The ufetubus hits you but does no damage.
The ufetubus hits you.
* * * LOW HITPOINT WARNING * * *
You shake off some of the fire as you move.
The liquid fire burns you!
* * * LOW HITPOINT WARNING * * *
You feel sick.
You are no longer poisoned.
The ufetubus closely misses you. The ufetubus hits you.
You die...

Skill      XL: |  1  2  3  4  5  6  7  8 |
---------------+-------------------------+-----
Stealth        | 5 6 7 8 |  8.0
Short Blades   | 2 3 4 5 |  5.0
Hexes          | 5 8 |  8.0
Spellcasting   | 3 4 |  4.0
Fighting       | 2 3 |  3.0
Dodging        | 3 5 |  5.0

Action                     |  1- 3 |  4- 6 |  7- 9 || total
---------------------------+-------+-------+-------++-------
  Melee: Dagger            |    64 |    54 |       ||   118
         Bite              |     7 |    10 |    11 ||    28
         Short sword       |       |    68 |    58 ||   126
         Punch             |       |       |     4 ||     4
   Cast: Ensorcelled Hiber |     6 |    42 |    20 ||    68
         Confusing Touch   |       |     2 |     5 ||     7
         Tukima's Dance    |       |       |     4 ||     4
    Use: Potion            |       |     1 |       ||     1
   Stab: Sleeping          |    12 |    33 |    11 ||    56
         Distracted        |       |     1 |       ||     1
         Confused          |       |     1 |     4 ||     5
         Invisible         |       |     1 |       ||     1
 Armour: Robe              |    32 |    98 |    43 ||   173
  Dodge: Dodged            |    31 |    75 |    53 ||   159

Levels and vault maps discovered:
D:1:      dpeg_arrival_boxorama, layout_rooms
D:2:      layout_basic, serial_shops, shop, uniq_natasha
D:3:      layout_basic, nicolae_qazlal_general_emergency, elyvilon_altar_1,
          shapermc_ecumenical_altar_gd
D:4:      layout_basic, nemelex_spade_bored_becter
D:5:      layout_basic, nicolae_overflow_hidden_temple, serial_shops, shop,
          uniq_edmund, uniq_duvessa, uniq_grinder
D:6:      layout_cave_pools, mainiacjoe_overflow_alcove_2,
          grunt_temple_overflow_open, minmay_temple_entry_large_hall,
          gammafunk_ghost_grave, mainiacjoe_sewer_entry_somewhere_in_here_1,
          small_statue_alley_b, minmay_manual_moon
Temple:   kb_temple_of_zot

Notes
Turn   | Place    | Note
-------+----------+-------------------------------------------
     0 | D:1      | Sivitri the Vampire Enchanter began the quest for the Orb.
     0 | D:1      | Reached XP level 1. HP: 13/13 MP: 3/3
   185 | D:1      | Reached XP level 2. HP: 19/19 MP: 5/5
   188 | D:1      | Learned a level 2 spell: Ensorcelled Hibernation
   200 | D:1      | Reached skill level 5 in Stealth
   226 | D:1      | Reached skill level 2 in Short Blades
   659 | D:2      | Noticed Natasha
   661 | D:2      | Gained mutation: You are afflicted with vampirism and can
                  | become a bat while bloodless. [Vampire growth]
   661 | D:2      | Reached XP level 3. HP: 24/24 MP: 6/6
   668 | D:2      | Learned a level 3 spell: Confusing Touch
   678 | D:2      | Killed Natasha
   695 | D:2      | Reached skill level 6 in Stealth
   719 | D:2      | Noticed Natasha
   725 | D:2      | Killed Natasha
   726 | D:2      | Reached skill level 3 in Short Blades
   726 | D:2      | Reached XP level 4. HP: 30/30 MP: 4/7
   876 | D:2      | Found Qeiria's Weapon Emporium.
   879 | D:2      | Noticed Natasha
   922 | D:3      | HP: 3/30 [Natasha (4)]
  1092 | D:3      | Killed Natasha
  1997 | D:3      | Reached skill level 7 in Stealth
  1999 | D:3      | Reached XP level 5. HP: 34/35 MP: 1/8
  2091 | D:3      | Found a stormy altar of Qazlal.
  2232 | D:3      | Found a faded altar of an unknown god.
  2246 | D:3      | Reached skill level 4 in Short Blades
  2879 | D:4      | Found a sparkling altar of Nemelex Xobeh.
  2954 | D:4      | Reached skill level 8 in Stealth
  3039 | D:4      | Reached XP level 6. HP: 40/41 MP: 4/9
  3115 | D:3      | Reached skill level 5 in Short Blades
  3648 | D:5      | Entered Level 5 of the Dungeon
  3732 | D:5      | Reached skill level 5 in Hexes
  3795 | D:5      | Noticed Dowan
  3940 | D:5      | Killed Dowan
  3941 | D:5      | Reached skill level 3 in Spellcasting
  4012 | D:5      | Learned a level 3 spell: Tukima's Dance
  4062 | D:5      | Reached XP level 7. HP: 46/46 MP: 8/11
  4116 | D:5      | Noticed Duvessa
  4128 | D:5      | Killed Duvessa
  4129 | D:5      | Reached skill level 6 in Hexes
  4242 | D:5      | Noticed Edmund
  4260 | D:5      | Killed Edmund
  4261 | D:5      | Reached skill level 4 in Spellcasting
  4261 | D:5      | Reached skill level 7 in Hexes
  4449 | D:5      | Found Ferimur's General Store.
  4543 | D:5      | Found an ornate altar of the Wu Jian Council.
  4575 | D:5      | Noticed Grinder
  4588 | D:5      | Killed Grinder
  4589 | D:5      | Reached skill level 8 in Hexes
  4589 | D:5      | Reached skill level 1 in Fighting
  4589 | D:5      | Reached skill level 3 in Dodging
  4643 | D:5      | Reached skill level 2 in Fighting
  4643 | D:5      | Reached XP level 8. HP: 56/56 MP: 11/14
  4852 | D:6      | Found an ancient bone altar of Kikubaaqudgha.
  4865 | D:6      | Reached skill level 4 in Dodging
  4986 | D:6      | Found a runed translucent door.
  4987 | D:6      | Noticed mohammadb5305's ghost (novice MiFi)
  5113 | D:6      | Reached skill level 3 in Fighting
  5142 | D:6      | Found a staircase to the Ecumenical Temple.
  5152 | Temple   | Entered the Ecumenical Temple
  5301 | D:6      | Reached skill level 5 in Dodging
  5302 | D:6      | HP: 2/58 [burnt (6)]
  5302 | D:6      | Slain by an ufetubus

Vanquished Creatures
  Grinder (D:5)
  Duvessa (D:5)
  An ice beast (D:5)
  A centaur (D:6)
  A bullfrog (D:6)
  2 scorpions
  Dowan (D:5)
  A howler monkey (D:4)
  A hound (D:5)
  2 bombardier beetles
  A sleepcap (D:4)
  Natasha (thrice) (D:2 D:3)
  An iguana (D:5)
  3 orc wizards
  10 adders
  2 gnolls (D:6)
  An ufetubus (D:6)
  2 dart slugs
  2 ribbon worms
  13 orcs
  5 bats
  10 endoplasms
  3 giant cockroaches
  5 goblins
  4 hobgoblins
  4 jackals (D:1)
  4 quokkas
  3 ball pythons
  A frilled lizard (D:1)
  8 kobolds
  4 rats
101 creatures vanquished.

Vanquished Creatures (collateral kills)
  Edmund (D:5)
  A gnoll (D:6)
2 creatures vanquished.

Vanquished Creatures (others)
  A dancing weapon (D:5)
1 creature vanquished.

Grand Total: 104 creatures vanquished

Table legend: (Time is in decaauts)
 A = Elapsed time spent in this place.
 B = Non-inter-level travel time spent in this place.
 C = Inter-level travel time spent in this place.
 D = Time resting spent in this place.
 E = Time spent auto-exploring this place.
 F = Levels seen in this place.
 G = Mean time per level.
                   A        B        C        D        E       F      G
               +--------+--------+--------+--------+--------+-----+--------+
         Total |   5256 |   5049 |    207 |    470 |   3683 |   7 |  750.9 |
       Dungeon |   5198 |   5045 |    153 |    470 |   3683 |   6 |  866.3 |
        Temple |     57 |      3 |     54 |      0 |      0 |   1 |   57.0 |
               +--------+--------+--------+--------+--------+-----+--------+

Top non-repeatable levels by time:
     D:2: 1331 daAuts
     D:5: 1168 daAuts
     D:4: 880 daAuts
     D:3: 862 daAuts
     D:1: 545 daAuts
     D:6: 411 daAuts
  Temple: 57 daAuts

Table legend:
 A = Non-vault XP
 B = Vault XP
 C = Vault XP percentage of total XP
 D = Non-vault monster count
 E = Vault monster count
 F = Vault count percentage of total count
                 A         B        C        D         E       F
            +---------+---------+-------+---------+---------+-------
      Total |    1250 |     696 |  35.8 |      98 |       5 |   4.9
            +---------+---------+-------+---------+---------+-------
        D:1 |      30 |       0 |   0.0 |      16 |       0 |   0.0
        D:2 |      81 |      35 |  30.2 |      19 |       1 |   5.0
        D:3 |     128 |       0 |   0.0 |      17 |       0 |   0.0
        D:4 |     219 |       0 |   0.0 |      24 |       0 |   0.0
        D:5 |     369 |     661 |  64.2 |       9 |       4 |  30.8
        D:6 |     423 |       0 |   0.0 |      13 |       0 |   0.0
            +---------+---------+-------+---------+---------+-------
